 Dungeon Crawl Stone Soup version 0.31.0-1-g2c135a0 (webtiles) character file.

Game seed: 16588614697977998775

6414 brinewave the Cleaver (level 10, -1/90 HPs)
             Began as a Minotaur Fighter on Jan 27, 2024.
             Was an Elder of Cheibriados.
             Slain by a wyvern (11 damage)
             ... on level 9 of the Dungeon.
             The game lasted 00:24:53 (9120 turns).

brinewave the Cleaver (Minotaur Fighter)            Turns: 9120, Time: 00:24:54

Health: -1/90      AC: 15    Str: 34    XL:     10   Next: 66%
Magic:  12/15      EV: 10    Int: 15    God:    Cheibriados [****..]
Gold:   391        SH:  7    Dex: 21    Spells: 9/9 levels left

rFire   . . .        a - +0 war axe
rCold   + . .        c - +0 buckler
rNeg    + . .        A - +2 scale mail {rC+}
rPois   .            (helmet restricted)
rElec   .            (no cloak)
rCorr   .            k - +2 pair of gloves
SInv    .            B - +0 pair of boots
Will    .....        (no amulet) Stlth
                     e - ring of flight
HPRegen 0.35/turn    j - ring of positive energy
MPRegen 0.14/turn

%: no passive effects
@: marked, flying, very slow
A: horns 2, retaliatory headbutt
a: Renounce Religion, Bend Time, Temporal Distortion, Slouch


You were on level 9 of the Dungeon.
You worshipped Cheibriados.
Cheibriados was greatly pleased with you.
You visited 1 branch of the dungeon, and saw 9 of its levels.

You collected 391 gold pieces.

Inventory:

Hand Weapons
 a - a +0 war axe (weapon)
Missiles
 g - 6 poisoned darts (quivered)
 h - 55 stones
 l - 5 curare-tipped darts
 r - a throwing net
Armour
 c - a +0 buckler (worn)
 f - a +2 ring mail of fire resistance
 k - a +2 pair of gloves (worn)
 A - a +2 scale mail of cold resistance (worn)
 B - a +0 pair of boots (worn)
Jewellery
 e - a ring of flight (left hand)
 j - a ring of positive energy (right hand)
Wands
 t - a wand of paralysis (23)
 w - a wand of iceblast (7)
 y - a wand of polymorph (2)
Scrolls
 m - a scroll of summoning
 n - 2 scrolls of fear
 p - 2 scrolls of enchant weapon
 u - 2 scrolls of enchant armour
 v - a scroll of immolation {unknown}
 x - a scroll of revelation {unknown}
 z - 2 scrolls of teleportation
 C - 2 scrolls of vulnerability {unknown}
 E - a scroll of noise {unknown}
Potions
 b - a potion of resistance
 d - 3 potions of might
 i - 2 potions of invisibility
 o - a potion of curing
 q - 2 potions of enlightenment
 s - a potion of magic {unknown}
 D - a potion of brilliance {unknown}


   Skills:
 + Level 8.6 Fighting
 * Level 10.5 Axes
 + Level 8.5 Armour
 + Level 8.1 Shields
 * Level 8.5 Invocations


You had 9 spell levels left.
You didn't know any spells.
Your spell library contained the following spells:

 Spells                   Type           Power      Damage    Failure   Level
 Jinxbite                 Hex            0%         N/A       61%         2
 Sublimation of Blood     Necr           0%         N/A       61%         2
 Petrify                  Alch/Erth      0%         N/A       99%         4
 Alistair's Intoxication  Alch           0%         N/A       100%        5
 Borgnjor's Vile Clutch   Necr/Erth      0%         N/A       100%        5
 Irradiate                Conj/Alch      0%         3d11      100%        5
 Yara's Violent Unravell  Hex/Alch       0%         3d3       100%        5
 Eringya's Noxious Bog    Alch           0%         4d6       100%        6
 Enfeeble                 Hex            0%         N/A       100%        7


Dungeon Overview and Level Annotations

Branches:
Dungeon (9/15)             Temple (0/1) D:4
   Lair: D:8-11         Orc: D:9-12

Altars:
Cheibriados
Elyvilon
Fedhas
Okawaru
Qazlal
Ru
Sif Muna

Shops:
D:5 (

Annotations:
D:6 1 runed translucent door, Crazy Yiuf
D:9 Erolcha


Innate Abilities, Weirdness & Mutations

You have a pair of horns on your head.
You reflexively headbutt those who attack you in melee.


Message History

You barely miss the howler monkey. x2
The howler monkey hits you but does no damage.
The howler monkey barely misses you.
The howler monkey hoots and howls with incredible vigour!
A wyvern comes into view.
You slash the howler monkey! You headbutt the howler monkey!
The howler monkey is almost dead.
You slash the howler monkey! You block the howler monkey's attack.
The howler monkey hits you but does no damage.
You completely miss the howler monkey. Your headbutt misses the howler monkey.
You slash the howler monkey!
You kill the howler monkey!
Cheibriados thoroughly appreciates the change of pace.
The howler monkey hoots and howls with incredible vigour!
You block the howler monkey's attack.
You barely miss the howler monkey. You barely miss something.
Something hits you! The howler monkey closely misses you.
You furiously retaliate!
You headbutt the howler monkey! You closely miss the howler monkey.
The howler monkey is heavily wounded.
You barely miss something. The howler monkey barely misses you.
A troll comes into view.
You slash something! You slash the howler monkey!
You kill the howler monkey!
Cheibriados appreciates the change of pace.
Something hits you!
You closely miss something. You closely miss the wyvern.
The wyvern barely misses you.
A steam dragon comes into view.
Something hits you! You block the wyvern's attack.
You closely miss something. You hit the wyvern. The wyvern closely misses you.
You barely miss something. You slash the wyvern!
You hit the steam dragon but do no damage.
The wyvern bites you! Something hits you!!
* * * LOW HITPOINT WARNING * * *
The howler monkey hoots and howls with incredible vigour!
The steam dragon bites you.
* * * LOW HITPOINT WARNING * * *
You block the steam dragon's attack. The wyvern bites you!
You die...

.##.###
.....# ## .#
..#.#..
...####.#.#.#
>.......#.#.#
#..........#
#<.......#
#.#.<#D#.#
#.##@# #.hk{#
####T#
#......#
######.# ...
#.# #.. ###


You could see a troll, a steam dragon, a wyvern and a howler monkey (catching
breath).

Vanquished Creatures
  Pikel (D:5)
  Jeremiah (D:7)
  Sigmund (D:6)
  Eustachio (D:4)
  5 yaks
  A steam dragon (D:6)
  Menkaure (D:6)
  4 vampire mosquitoes (D:8)
  2 water moccasins
  2 ice beasts (D:6)
  2 ogres
  A black bear (D:8)
  5 centaurs
  A lemure (D:5)
  A phantom (D:7)
  The ghost of anarkitty the Grave Robber, an amateur DsNe of Jiyva (D:4)
  A kobold brigand (D:8)
  2 bullfrogs (D:6)
  2 gnoll sergeants
  5 scorpions
  15 wights
  3 howler monkeys (D:9)
  2 gnoll boudas
  3 jellies (D:6)
  A hound (D:4)
  9 orc priests
  3 bombardier beetles
  3 iguanas
  6 orc wizards
  3 sleepcaps
  21 gnolls
  5 adders
  2 white imps
  3 dart slugs
  3 ribbon worms
  34 orcs
  9 ball pythons
  5 endoplasms
  2 giant cockroaches
  11 goblins
  4 hobgoblins
  4 jackals (D:2)
  4 quokkas
  8 bats
  2 frilled lizards (D:1)
  8 kobolds
  4 rats
217 creatures vanquished.

Vanquished Creatures (others)
  An orc wizard (D:5)
1 creature vanquished.

Grand Total: 218 creatures vanquished

Notes
Turn   | Place    | Note
-------+----------+-------------------------------------------
     0 | D:1      | brinewave the Minotaur Fighter began the quest for the Orb.
     0 | D:1      | Reached XP level 1. HP: 19/19 MP: 0/0
   154 | D:1      | Reached XP level 2. HP: 27/27 MP: 1/1
   632 | D:1      | Reached XP level 3. HP: 33/33 MP: 2/2
   999 | D:2      | Reached skill level 1 in Invocations
  1045 | D:2      | Reached skill level 3 in Axes
  1248 | D:2      | Reached XP level 4. HP: 30/41 MP: 2/4
  1810 | D:3      | Reached XP level 5. HP: 43/47 MP: 5/5
  1842 | D:3      | Found a white marble altar of Elyvilon.
  1958 | D:3      | Reached skill level 4 in Axes
  2320 | D:3      | Identified the +3 long sword of the Shimmering Madman
                  | {flame, rCorr Str+2 Dex-5 Stlth+}
  2356 | D:3      | Reached XP level 6. HP: 55/55 MP: 6/6
  2481 | D:3      | Found a faded altar of an unknown god.
  2490 | D:3      | Prayed at the altar of an unknown god.
  2490 | D:3      | Became a worshipper of Cheibriados the Contemplative
  2490 | D:3      | Reached * piety under Cheibriados
  2571 | D:3      | Identified the +7 rapier "Jaimoe" {spect, rC- Dex+3}
  2689 | D:4      | Reached skill level 5 in Fighting
  2690 | D:4      | Reached skill level 5 in Armour
  2841 | D:4      | Reached skill level 5 in Axes
  2841 | D:4      | Reached XP level 7. HP: 41/61 MP: 8/8
  2924 | D:4      | Noticed Eustachio
  3033 | D:4      | Killed Eustachio
  3034 | D:4      | Reached skill level 5 in Shields
  3258 | D:4      | Found a staircase to the Ecumenical Temple.
  3319 | D:4      | Found a runed translucent door.
  3321 | D:4      | Noticed anarkitty's ghost (amateur DsNe)
  3602 | D:4      | Reached ** piety under Cheibriados
  3756 | D:4      | Killed anarkitty's ghost
  3781 | D:5      | Entered Level 5 of the Dungeon
  4018 | D:5      | Reached skill level 6 in Axes
  4114 | D:5      | Reached XP level 8. HP: 49/70 MP: 10/10
  4347 | D:5      | Found Faziwacs's Antique Weapon Boutique.
  4693 | D:5      | Reached skill level 5 in Invocations
  4754 | D:6      | Noticed Pikel
  4782 | D:6      | Noticed Sigmund
  4791 | D:5      | Killed Pikel
  4792 | D:5      | Reached skill level 7 in Axes
  4946 | D:6      | Found a blossoming altar of Fedhas.
  5114 | D:6      | Identified the +2 quarterstaff of Dominance {antimagic,
                  | rN+}
  5161 | D:6      | Killed Sigmund
  5162 | D:6      | Reached XP level 9. HP: 68/78 MP: 12/12
  5232 | D:6      | Reached *** piety under Cheibriados
  5243 | D:6      | Identified the +1 falchion "Goblinbane" {elec, rElec}
  5334 | D:6      | Found a stormy altar of Qazlal.
  5345 | D:6      | Reached skill level 8 in Axes
  5415 | D:6      | Noticed Menkaure
  5419 | D:6      | Killed Menkaure
  5506 | D:6      | Found a runed translucent door.
  5507 | D:6      | Noticed Crazy Yiuf
  5712 | D:6      | Found a sacrificial altar of Ru.
  5991 | D:7      | Noticed Jeremiah
  6022 | D:7      | Killed Jeremiah
  6198 | D:7      | Found an iron altar of Okawaru.
  6229 | D:7      | Reached skill level 9 in Axes
  6825 | D:7      | Reached **** piety under Cheibriados
  6832 | D:7      | Reached XP level 10. HP: 43/86 MP: 14/14
  7912 | D:8      | Reached skill level 10 in Axes
  8388 | D:8      | Found a shimmering blue altar of Sif Muna.
  8423 | D:8      | Reached ***** piety under Cheibriados
  8531 | D:8      | Found a snail-covered altar of Cheibriados.
  9108 | D:9      | Noticed Erolcha
  9120 | D:9      | Slain by a wyvern

Illustrated notes

Levels and vault maps discovered:
D:1:      denvon_arrival_planthouse, layout_loops_corners
D:2:      layout_loops_ring, st_stairs_5
D:3:      layout_basic, mainiacjoe_overflow_alcove_4,
          chequers_ecumenical_altar_simple_redux, minmay_puff
D:4:      layout_basic, minmay_temple_entry_trees, gammafunk_ghost_grave,
          chequers_serial_rivers_small_b, uniq_eustachio
D:5:      layout_loops_cross, serial_shops, nicolae_diamond_shop, minivault_25,
          kennysheep_flooded_box
D:6:      wander_river, layout_rooms, grunt_qazlal_clouds, hangedman_ru_absence,
          mainiacjoe_overflow_boulevard, minmay_circle_x, uniq_pikel,
          uniq_crazy_yiuf_cottage, uniq_sigmund, uniq_menkaure
D:7:      layout_basic, mainiacjoe_overflow_concentric_impassable, uniq_jeremiah
D:8:      layout_cave_pools, slow_altar_2, mainiacjoe_overflow_small_starburst,
          nicolae_tricolors
D:9:      layout_basic, gammafunk_ghost_icy, uniq_erolcha

Skill      XL: |  1  2  3  4  5  6  7  8  9 10 |
---------------+-------------------------------+-----
Fighting       | 4 5 6 7 8 |  8.6
Armour         | 4 5 6 7 8 |  8.5
Shields        | 4 5 6 7 8 |  8.1
Invocations    | 1 2 3 4 6 7 8 |  8.5
Axes           | 3 4 5 6 7 9 10 | 10.5

Action                     |  1- 3 |  4- 6 |  7- 9 | 10-12 || total
---------------------------+-------+-------+-------+-------++-------
  Melee: War axe           |    82 |    87 |   261 |   108 ||   538
         Headbutt          |     7 |    17 |    55 |    20 ||    99
  Throw: Dart              |       |       |     1 |       ||     1
 Invoke: Bend Time         |       |       |     3 |       ||     3
         Temporal Distorti |       |       |       |     2 ||     2
    Use: Scroll            |       |     7 |     6 |     1 ||    14
         Potion            |       |       |     1 |     1 ||     2
 Armour: Ring mail         |    51 |    79 |   268 |       ||   398
         Scale mail        |     3 |       |    33 |   132 ||   168
  Dodge: Dodged            |    40 |    63 |   192 |   100 ||   395
  Block: Buckler           |    23 |    27 |   125 |    76 ||   251
